TOP OF THE 1ST |
Kenosha Kingfish batting - Pitching for Scottsdale Scorpions : RHP Manny Silva
|
Pitching: RHP Manny Silva
|
|
Batting: RHB Manuel Gómez
|
0-0: Fly out, F9 (Flyball, 89M)
|
Batting: SHB Alfonso Escasán
|
0-0: Called Strike 0-1: Ground out 4-3 (Groundball, 34)
|
Batting: RHB Francisco Martínez
|
0-0: Called Strike 0-1: Foul Ball, location: 2F 0-2: Strikes out swinging
|
Top of the 1st over - 0 run(s), 0 hit(s), 0 error(s), 0 left on base; Kenosha 0 - Scottsdale 0 |
BOTTOM OF THE 1ST |
Scottsdale Scorpions batting - Pitching for Kenosha Kingfish : RHP Sid Allen
|
Pitching: RHP Sid Allen
|
|
Batting: RHB Ricardo Gutiérrez
|
0-0: Called Strike 0-1: Foul Ball, location: 2F 0-2: Ball 1-2: Strikes out swinging
|
Batting: RHB David Suarze
|
0-0: Called Strike 0-1: Ball 1-1: Fly out, F9 (Flyball, 9LM)
|
Batting: SHB William Daly
|
0-0: Foul Ball, location: 2F 0-1: SINGLE (Line Drive, 9S)
|
Batting: RHB Gary Thomas
|
0-0: Ball 1-0: Ball William Daly steals 2nd base 2-0: Called Strike 2-1: Ball 3-1: Base on Balls
|
Batting: LHB Claudio Rodríguez
|
0-0: Ball 1-0: Ball 2-0: 3-RUN HOME RUN (Flyball, 9LD), Distance : 310 ft
|
Batting: RHB Edgardo Gonzáles
|
0-0: Ball 1-0: Fly out, F8 (Flyball, 8LS)
|
Bottom of the 1st over - 3 run(s), 2 hit(s), 0 error(s), 0 left on base; Kenosha 0 - Scottsdale 3 |
TOP OF THE 2ND |
Kenosha Kingfish batting - Pitching for Scottsdale Scorpions : RHP Manny Silva
|
Batting: LHB Richard Brooks
|
0-0: Swinging Strike 0-1: Ball 1-1: Ball 2-1: Ground out 1-3 (Groundball, 15S)
|
Batting: RHB Matt Rodríguez
|
0-0: DOUBLE (Flyball, 7S)
|
Batting: SHB Júlio Valentín
|
0-0: Ball 1-0: Ball 2-0: Called Strike 2-1: Foul Ball, location: 2F 2-2: Ground out 4-3 (Groundball, 4) Matt Rodríguez to third
|
Batting: SHB Devin Smith
|
0-0: Foul Ball, location: 2F 0-1: Called Strike 0-2: Ball 1-2: Strikes out swinging
|
Top of the 2nd over - 0 run(s), 1 hit(s), 0 error(s), 1 left on base; Kenosha 0 - Scottsdale 3 |
BOTTOM OF THE 2ND |
Scottsdale Scorpions batting - Pitching for Kenosha Kingfish : RHP Sid Allen
|
Batting: RHB Steve Baird
|
0-0: Called Strike 0-1: Called Strike 0-2: Ball 1-2: Foul Ball, location: 2F 1-2: Ball 2-2: Strikes out swinging
|
Batting: RHB Cristián Román
|
0-0: Called Strike 0-1: Ball 1-1: Ball 2-1: Called Strike 2-2: Strikes out swinging
|
Batting: RHB Felipe Domínguez
|
0-0: Hit by Pitch
|
Batting: RHB Ricardo Gutiérrez
|
0-0: Ball 1-0: Ball 2-0: Called Strike 2-1: Fly out, F7 (Flyball, 78M)
|
Bottom of the 2nd over - 0 run(s), 0 hit(s), 0 error(s), 1 left on base; Kenosha 0 - Scottsdale 3 |
TOP OF THE 3RD |
Kenosha Kingfish batting - Pitching for Scottsdale Scorpions : RHP Manny Silva
|
Batting: RHB Sergio Mata
|
0-0: Swinging Strike 0-1: Swinging Strike 0-2: Strikes out swinging
|
Batting: LHB Miguel Flores
|
0-0: Swinging Strike 0-1: Ground out 6-3 (Groundball, 6)
|
Batting: RHB Manuel Gómez
|
0-0: Called Strike 0-1: Foul Ball, location: 2F 0-2: Strikes out swinging
|
Top of the 3rd over - 0 run(s), 0 hit(s), 0 error(s), 0 left on base; Kenosha 0 - Scottsdale 3 |
BOTTOM OF THE 3RD |
Scottsdale Scorpions batting - Pitching for Kenosha Kingfish : RHP Sid Allen
|
Batting: RHB David Suarze
|
0-0: Ball 1-0: Ball 2-0: Ball 3-0: Called Strike 3-1: Base on Balls
|
Batting: SHB William Daly
|
0-0: Called Strike 0-1: Foul Ball, location: 2F 0-2: Foul Ball, location: 2F 0-2: Foul Ball, location: 2F 0-2: Ground out 3-1 (Groundball, 34) David Suarze to second
|
Batting: RHB Gary Thomas
|
0-0: Ball David Suarze is caught stealing 3rd base 1-0: Fly out, F6 (Popup, 6D)
|
Bottom of the 3rd over - 0 run(s), 0 hit(s), 0 error(s), 0 left on base; Kenosha 0 - Scottsdale 3 |
TOP OF THE 4TH |
Kenosha Kingfish batting - Pitching for Scottsdale Scorpions : RHP Manny Silva
|
Batting: SHB Alfonso Escasán
|
0-0: Ball 1-0: Ball 2-0: Foul Ball, location: 2F 2-1: Ball 3-1: DOUBLE (Line Drive, 9LM)
|
Batting: RHB Francisco Martínez
|
0-0: Ball 1-0: Called Strike 1-1: Foul Ball, location: 2F 1-2: Ball 2-2: Strikes out swinging
|
Batting: LHB Richard Brooks
|
0-0: Called Strike 0-1: Foul Ball, location: 2F 0-2: Ground out 4-3 (Groundball, 4) Alfonso Escasán to third
|
Batting: RHB Matt Rodríguez
|
0-0: Called Strike 0-1: Called Strike 0-2: Foul Ball, location: 2F 0-2: Ball 1-2: Ball 2-2: Strikes out looking
|
Top of the 4th over - 0 run(s), 1 hit(s), 0 error(s), 1 left on base; Kenosha 0 - Scottsdale 3 |
BOTTOM OF THE 4TH |
Scottsdale Scorpions batting - Pitching for Kenosha Kingfish : RHP Sid Allen
|
Batting: LHB Claudio Rodríguez
|
0-0: Hit by Pitch
|
Batting: RHB Edgardo Gonzáles
|
0-0: Ball 1-0: Ball 2-0: Called Strike 2-1: Ground out 6-3 (Groundball, 6S) Claudio Rodríguez to second
|
Batting: RHB Steve Baird
|
0-0: SINGLE (Groundball, 4MD) Claudio Rodríguez to third
|
Batting: RHB Cristián Román
|
0-0: Foul Ball, location: 2F 0-1: Ball 1-1: Foul Ball, location: 2F 1-2: Strikes out swinging
|
Batting: RHB Felipe Domínguez
|
0-0: Swinging Strike 0-1: Ball 1-1: Ball 2-1: Ground out 5-3 (Groundball, 5S)
|
Bottom of the 4th over - 0 run(s), 1 hit(s), 0 error(s), 2 left on base; Kenosha 0 - Scottsdale 3 |
TOP OF THE 5TH |
Kenosha Kingfish batting - Pitching for Scottsdale Scorpions : RHP Manny Silva
|
Batting: SHB Júlio Valentín
|
0-0: Ball 1-0: Called Strike 1-1: Swinging Strike 1-2: Strikes out looking
|
Batting: SHB Devin Smith
|
0-0: Ball 1-0: Called Strike 1-1: Foul Ball, location: 2F 1-2: SINGLE (Line Drive, 4MD)
|
Batting: RHB Sergio Mata
|
Pickoff Throw to First - Error! E1 Devin Smith to second 0-0: Ball 1-0: Foul Ball, location: 2F 1-1: Ball 2-1: Foul Ball, location: 2F 2-2: Strikes out swinging
|
Batting: LHB Miguel Flores
|
0-0: Ball 1-0: Ball 2-0: Ball 3-0: Called Strike 3-1: Swinging Strike 3-2: Strikes out swinging
|
Top of the 5th over - 0 run(s), 1 hit(s), 1 error(s), 1 left on base; Kenosha 0 - Scottsdale 3 |
BOTTOM OF THE 5TH |
Scottsdale Scorpions batting - Pitching for Kenosha Kingfish : RHP Sid Allen
|
Batting: RHB Ricardo Gutiérrez
|
0-0: Ball 1-0: SINGLE (Groundball, 15) (infield hit)
|
Batting: RHB David Suarze
|
0-0: Ball 1-0: Ball 2-0: Called Strike 2-1: Foul Ball, location: 2F 2-2: DOUBLE (Flyball, 9D) Ricardo Gutiérrez to third Runner from 3rd tries for Home, throw and OUT!
|
Batting: SHB William Daly
|
0-0: Ball 1-0: Ground out 4-3 (Groundball, 34) David Suarze to third
|
Batting: RHB Gary Thomas
|
0-0: Called Strike 0-1: Ball 1-1: Ball 2-1: Ball 3-1: Foul Ball, location: 2F 3-2: Ground out 5-3 (Groundball, 56)
|
Bottom of the 5th over - 0 run(s), 2 hit(s), 0 error(s), 1 left on base; Kenosha 0 - Scottsdale 3 |
TOP OF THE 6TH |
Kenosha Kingfish batting - Pitching for Scottsdale Scorpions : RHP Manny Silva
|
Batting: RHB Manuel Gómez
|
0-0: Called Strike 0-1: Ball 1-1: Ball 2-1: Ball 3-1: Base on Balls
|
Batting: SHB Alfonso Escasán
|
0-0: Called Strike 0-1: SINGLE (Line Drive, 6D) Manuel Gómez to second
|
Batting: RHB Francisco Martínez
|
0-0: Swinging Strike 0-1: Ball 1-1: Ball 2-1: Ball 3-1: Swinging Strike 3-2: DOUBLE (Line Drive, 78XD) Manuel Gómez scores Alfonso Escasán to third
|
Batting: LHB Richard Brooks
|
0-0: Swinging Strike 0-1: Ball 1-1: Called Strike 1-2: Fly out, F2 (Popup, 2LF)
|
Batting: RHB Matt Rodríguez
|
0-0: Ball 1-0: Ball 2-0: Swinging Strike 2-1: Ball 3-1: Base on Balls
|
Pitching: RHP Billy O'Neal
|
|
Batting: SHB Júlio Valentín
|
0-0: SINGLE (Groundball, 56) Alfonso Escasán scores Francisco Martínez to third Matt Rodríguez to second Runner from 3rd tries for Home, SAFE, throw made home Matt Rodríguez to third Júlio Valentín to second
|
Batting: SHB Devin Smith
|
0-0: Called Strike 0-1: Ball 1-1: Foul Ball, location: 2F 1-2: Foul Ball, location: 2F 1-2: Strikes out swinging
|
Batting: RHB Sergio Mata
|
0-0: Called Strike 0-1: Foul Ball, location: 2F 0-2: Ball 1-2: Fly out, F8 (Flyball, 8RXD)
|
Top of the 6th over - 3 run(s), 3 hit(s), 0 error(s), 2 left on base; Kenosha 3 - Scottsdale 3 |
BOTTOM OF THE 6TH |
Scottsdale Scorpions batting - Pitching for Kenosha Kingfish : RHP Sid Allen
|
Batting: LHB Claudio Rodríguez
|
0-0: Foul Ball, location: 2F 0-1: Ball 1-1: Foul Ball, location: 2F 1-2: Ball 2-2: Fly out, F6 (Popup, 5L)
|
Batting: RHB Edgardo Gonzáles
|
0-0: Called Strike 0-1: Ball 1-1: Foul Ball, location: 2F 1-2: Ball 2-2: Fly out, F7 (Line Drive, 7M)
|
Batting: RHB Steve Baird
|
0-0: Called Strike 0-1: SINGLE (Flyball, 8RS)
|
Pitching: LHP Nick Clayton
|
|
Batting: RHB Cristián Román
|
0-0: Ball 1-0: Ball 2-0: Called Strike 2-1: Ball 3-1: Called Strike 3-2: Base on Balls Steve Baird to second
|
Batting: RHB Felipe Domínguez
|
0-0: Ball 1-0: Swinging Strike 1-1: SINGLE (Line Drive, 8LS) Steve Baird to third Cristián Román to second
|
Batting: RHB Ricardo Gutiérrez
|
0-0: Ball 1-0: Called Strike 1-1: Ball 2-1: Swinging Strike 2-2: Strikes out swinging
|
Bottom of the 6th over - 0 run(s), 2 hit(s), 0 error(s), 3 left on base; Kenosha 3 - Scottsdale 3 |
TOP OF THE 7TH |
Kenosha Kingfish batting - Pitching for Scottsdale Scorpions : RHP Billy O'Neal
|
Batting: LHB Miguel Flores
|
0-0: Called Strike 0-1: Called Strike 0-2: Ball 1-2: Ball 2-2: Ball 3-2: Fly out, F6 (Popup, 6D)
|
Batting: RHB Manuel Gómez
|
0-0: Called Strike 0-1: Swinging Strike 0-2: Ball 1-2: Foul Ball, location: 2F 1-2: Ground out 3-1 (Groundball, 34S)
|
Batting: SHB Alfonso Escasán
|
0-0: Ball 1-0: Ball 2-0: Ball 3-0: Called Strike 3-1: Called Strike 3-2: Base on Balls
|
Batting: RHB Francisco Martínez
|
0-0: Ball 1-0: Ground out 3-1 (Groundball, 34)
|
Top of the 7th over - 0 run(s), 0 hit(s), 0 error(s), 1 left on base; Kenosha 3 - Scottsdale 3 |
BOTTOM OF THE 7TH |
Scottsdale Scorpions batting - Pitching for Kenosha Kingfish : LHP Nick Clayton
|
Batting: RHB David Suarze
|
0-0: Ball 1-0: Ball 2-0: Called Strike 2-1: Foul Ball, location: 2F 2-2: Ball 3-2: Foul Ball, location: 2F 3-2: Base on Balls
|
Batting: SHB William Daly
|
0-0: Swinging Strike 0-1: Called Strike 0-2: Foul Ball, location: 2F 0-2: Ball 1-2: Foul Ball, location: 2F 1-2: Foul Ball, location: 2F 1-2: Ball 2-2: Ball 3-2: Strikes out looking
|
Batting: RHB Gary Thomas
|
0-0: Swinging Strike 0-1: Ball 1-1: Ball 2-1: Ball 3-1: Base on Balls David Suarze to second
|
Batting: LHB Claudio Rodríguez
|
0-0: Ball 1-0: Ball 2-0: SINGLE (Groundball, 34D) David Suarze to third Gary Thomas to second Runner from 3rd tries for Home, SAFE, no throw or cutoff
|
Batting: RHB Edgardo Gonzáles
|
0-0: Ball 1-0: Ball 2-0: Fielders Choice at 2nd, 4-6 (Groundball, 4) Gary Thomas to third
|
Batting: RHB Steve Baird
|
0-0: SINGLE (Line Drive, 8LS) Gary Thomas scores Edgardo Gonzáles to second
|
Batting: RHB Cristián Román
|
0-0: Swinging Strike 0-1: Hit by Pitch Edgardo Gonzáles to third Steve Baird to second
|
Pinch Hitting: SHB Juan Gonzáles
|
0-0: SINGLE (Line Drive, 6MD) Edgardo Gonzáles scores Steve Baird to third Cristián Román to second Runner from 3rd tries for Home, SAFE, no throw or cutoff
|
Pitching: RHP Aubrey Hudson
|
|
Batting: RHB Ricardo Gutiérrez
|
0-0: Called Strike 0-1: Swinging Strike 0-2: Strikes out looking
|
Bottom of the 7th over - 4 run(s), 3 hit(s), 0 error(s), 2 left on base; Kenosha 3 - Scottsdale 7 |
TOP OF THE 8TH |
Kenosha Kingfish batting - Pitching for Scottsdale Scorpions : RHP Billy O'Neal
|
Now in CF: José Garza
|
|
Batting: LHB Richard Brooks
|
0-0: Foul Ball, location: 2F 0-1: Called Strike 0-2: Foul Ball, location: 2F 0-2: Ball 1-2: Ball 2-2: Foul Ball, location: 2F 2-2: Foul Ball, location: 2F 2-2: Foul Ball, location: 2F 2-2: Ball 3-2: Fly out, F2 (Popup, 2RF)
|
Pitching: RHP John Field
|
|
Batting: RHB Matt Rodríguez
|
0-0: Called Strike 0-1: Swinging Strike 0-2: Strikes out swinging
|
Batting: SHB Júlio Valentín
|
0-0: Foul Ball, location: 2F 0-1: Ball 1-1: SINGLE (Groundball, 34) (infield hit)
|
Batting: SHB Devin Smith
|
0-0: Fly out, F8 (Flyball, 8LM)
|
Top of the 8th over - 0 run(s), 1 hit(s), 0 error(s), 1 left on base; Kenosha 3 - Scottsdale 7 |
BOTTOM OF THE 8TH |
Scottsdale Scorpions batting - Pitching for Kenosha Kingfish : RHP Aubrey Hudson
|
Batting: RHB David Suarze
|
0-0: Ball 1-0: Ball 2-0: Ball 3-0: Base on Balls
|
Batting: SHB William Daly
|
0-0: Called Strike 0-1: Ball 1-1: Ball 2-1: Foul Ball, location: 2F 2-2: Foul Ball, location: 2F 2-2: Ball 3-2: Foul Ball, location: 2F 3-2: Foul Ball, location: 2F 3-2: Foul Ball, location: 2F 3-2: Foul Ball, location: 2F 3-2: Foul Ball, location: 2F 3-2: Foul Ball, location: 2F 3-2: Base on Balls David Suarze to second
|
Batting: RHB Gary Thomas
|
0-0: Fly out, F4 (Popup, 4M)
|
Batting: LHB Claudio Rodríguez
|
0-0: Foul Ball, location: 2F 0-1: Ball 1-1: Foul Ball, location: 2F 1-2: Ball 2-2: Ball 3-2: Base on Balls David Suarze to third William Daly to second
|
Batting: RHB Edgardo Gonzáles
|
0-0: Ball 1-0: Called Strike 1-1: Ball 2-1: Called Strike 2-2: Ball 3-2: Base on Balls David Suarze scores William Daly to third Claudio Rodríguez to second
|
Batting: RHB Steve Baird
|
0-0: Ball 1-0: Ball 2-0: Swinging Strike 2-1: Swinging Strike 2-2: Strikes out swinging
|
Batting: RHB Cristián Román
|
0-0: Ball 1-0: Ball 2-0: SINGLE (Line Drive, 3) William Daly scores Claudio Rodríguez to third Edgardo Gonzáles to second
|
Batting: LHB José Garza
|
0-0: Called Strike 0-1: Ball 1-1: Ball 2-1: Ball 3-1: Foul Ball, location: 2F 3-2: Base on Balls Claudio Rodríguez scores Edgardo Gonzáles to third Cristián Román to second
|
Batting: RHB Ricardo Gutiérrez
|
0-0: Foul Ball, location: 2F 0-1: Ball 1-1: Ball 2-1: Fly out, F9 (Flyball, 89M)
|
Bottom of the 8th over - 3 run(s), 1 hit(s), 0 error(s), 3 left on base; Kenosha 3 - Scottsdale 10 |
TOP OF THE 9TH |
Kenosha Kingfish batting - Pitching for Scottsdale Scorpions : RHP John Field
|
Batting: RHB Sergio Mata
|
0-0: Ball 1-0: Swinging Strike 1-1: Called Strike 1-2: Foul Ball, location: 2F 1-2: Strikes out swinging
|
Batting: LHB Miguel Flores
|
0-0: Ball 1-0: Foul Ball, location: 2F 1-1: Fly out, F6 (Flyball, 6D)
|
Batting: RHB Manuel Gómez
|
0-0: Swinging Strike 0-1: Swinging Strike 0-2: Strikes out swinging
|
Top of the 9th over - 0 run(s), 0 hit(s), 0 error(s), 0 left on base; Kenosha 3 - Scottsdale 10 |
|